 Dungeon Crawl Stone Soup version 0.27-a0-941-g386ccf399c (webtiles) character file.

Game seed: 4411508327347596728

2 Glokmah the Grasshopper (level 1, 0/16 HPs)
             Began as a Demonspawn Warper on Apr 11, 2021.
             Slain by a quokka (1 damage)
             ... on level 1 of the Dungeon.
             The game lasted 00:00:58 (218 turns).

Glokmah the Grasshopper (Demonspawn Warper)          Turns: 218, Time: 00:00:58

Health: 0/16       AC:  3    Str: 11    XL:     1   Next: 25%
Magic:  3/3        EV: 11    Int: 14    God:
Gold:   0          SH:  0    Dex: 12    Spells: 4/4 levels left

rFire    . . .     SeeInvis .   a - +0 hand axe
rCold    . . .     Faith    .   (no shield)
rNeg     . . .     Spirit   .   b - +0 leather armour
rPois    .         Reflect  .   (no helmet)
rElec    .         Harm     .   (no cloak)
rCorr    .         Rampage  .   (no gloves)
Will     .....                  (no boots)
Stlth    +.........             (no amulet)
HPRegen  0.05/turn              (no ring)
MPRegen  0.08/turn              (no ring)

@: no status effects
A: no striking features
a: no special abilities


You were on level 1 of the Dungeon.
You visited 1 branch of the dungeon, and saw 1 of its levels.

Inventory:

Hand Weapons
 a - a +0 hand axe (weapon)
Missiles
 e - 5 boomerangs of dispersal (quivered)
 h - 27 bolts
Armour
 b - a +0 leather armour (worn)
Scrolls
 c - a scroll of identify {unknown}
 d - a scroll of blinking
 g - a scroll of fog {unknown}
 i - a scroll of teleportation {unknown}
Potions
 f - a potion of curing {unknown}


   Skills:
 + Level 2.0 Fighting
 + Level 1.8 Axes
 - Level 0.8 Throwing
 + Level 0.9 Armour
 + Level 1.8 Dodging
 + Level 2.0 Spellcasting
 * Level 2.7 Translocations


You had 4 spell levels left.
You didn't know any spells.
Your spell library contained the following spells:

 Spells                   Type           Power      Damage    Failure   Level
 Blink                    Tloc           N/A        N/A       16%         2
 Gell's Gravitas          Tloc           4%         N/A       30%         3
 Lesser Beckoning         Tloc           4%         N/A       30%         3
 Teleport Other           Tloc           9%         N/A       30%         3
 Manifold Assault         Tloc           9%         N/A       96%         5


Dungeon Overview and Level Annotations

Branches:
Dungeon (1/15)

Altars:


Message History

The bat hits you but does no damage.
You hit the bat.
You kill the bat!
No target in view!
No target in view!
i - a scroll labelled PAKLECVUTE A quokka comes into view.
The quokka bites you.
You closely miss the quokka. The quokka bites you. The quokka misses you.
You miss the quokka. The quokka closely misses you.
You miss the quokka. The quokka barely misses you.
The quokka closely misses you.
You hit the quokka.
The quokka is moderately wounded.
The quokka bites you.
You closely miss the quokka.
The quokka is moderately wounded.
The quokka barely misses you. The quokka bites you.
* * * LOW HITPOINT WARNING * * *
You barely miss the quokka.
The quokka is lightly wounded.
The quokka bites you but does no damage.
You closely miss the quokka.
The quokka is lightly wounded.
The quokka bites you but does no damage.
The quokka barely misses you.
The quokka twitches its whiskers.
The quokka misses you. The quokka barely misses you. The quokka bites you.
* * * LOW HITPOINT WARNING * * *
The quokka closely misses you. The quokka closely misses you.
The quokka barely misses you. The quokka bites you.
* * * LOW HITPOINT WARNING * * *
You barely miss the quokka. The quokka misses you. The quokka bites you.
* * * LOW HITPOINT WARNING * * *
You hit the quokka but do no damage. The quokka bites you.
You die...

####.# #.# #########....#
#.#
..........############.#
#######.#........#...#.#
#.#.#.#.......##.#...#.#
.......##........#.#.#.#
........#..#..##.#.#.#.#
.......##..#...........#
.#......#..>....@r.....#
...#...##......##.##...#
.#...#..#..............##
.......##...............#
.#..#...#.............###
.......##.............#
.#.#....#.......#.....#
.......##.#...........#
..#.....#..........#..###


You could see a quokka.

Vanquished Creatures
  2 bats (D:1)
2 creatures vanquished.

Notes
Turn   | Place    | Note
-------+----------+-------------------------------------------
     0 | D:1      | Glokmah the Demonspawn Warper began the quest for the Orb.
     0 | D:1      | Reached XP level 1. HP: 16/16 MP: 3/3
   218 | D:1      | Slain by a quokka

Illustrated notes

Levels and vault maps discovered:
D:1:      co_arrival_square_in_a_square_in_a_square, layout_basic,
          shapermc_ecumenical_altar_mp_highgroup, minivault_23

Action                   || total
-------------------------++-------
Melee: Hand axe          ||    13
Armor: Leather armour    ||     7
Dodge: Dodged            ||    23

Table legend: (Time is in decaauts)
 A = Elapsed time spent in this place.
 B = Non-inter-level travel time spent in this place.
 C = Inter-level travel time spent in this place.
 D = Time resting spent in this place.
 E = Time spent auto-exploring this place.
 F = Levels seen in this place.
 G = Mean time per level.
                   A        B        C        D        E       F      G
               +--------+--------+--------+--------+--------+-----+--------+
         Total |    220 |    220 |      0 |      0 |    121 |   1 |  220.0 |
       Dungeon |    220 |    220 |      0 |      0 |    121 |   1 |  220.0 |
               +--------+--------+--------+--------+--------+-----+--------+

Top non-repeatable levels by time:
     D:1: 220 daAuts
